Workbook
Name OLE_LINK1: ' Prilog 3a'!#REF!

Sheet  Prilog 1
C1: Prilog 1
A2: OPĆI PODACI O FONDU na dan 30.06.2026. godine
A4: Opis | B4: Sadržaj | C4: Napomena
A5: 1.Informacije o identitetu Fonda
A6: punu i skraćenu firmu, adresu sjedišta: | B6: Otvoreni investicijski fond sa javnom ponudom OIF LILIUM GLOBAL; Dženetića čikma 8; 71000 Sarajevo
A7: broj telefona i telefaksa: | B7: 033 953 480; 033 953 489
A8: e-mail adresu: | B8: info@lilium-dzu.ba
A9: WEB: | B9: www.lilium-dzu.ba
A10: registarski broj Fonda u registru kod Komisije: | B10: JP-D-032-05
A11: ime i prezime direktora Fonda;
A12: ime i prezime predsjednika i članova nadzornog odbora Fonda;
A13: mandatni period članova Nadzornog odbora Fonda
A14: ime i prezime članova odbora za reviziju;
A15: mandatni period članova Odbora za reviziju Fonda
A16: firmu i sjedište ovlaštenog revizora; | B16: ZUKO d.o.o, Džemala Bijedića 185/10 sprat
A17: godine za koje je ovlašteni revizor vršio reviziju finansijskih izvještaja Fonda: | B17: 2020., 2021., 2022., 2023. i 2024., 2025 godina.
A18: firmu i adresu sjedište depozitara Fonda. | B18: ASA Banka d.d. Sarajevo; Trg međunarodnog prijateljstva 25; 71000 Sarajevo
A19: 2. Informacije o Društvu koje upravlja Fondom:
A20: punu i skraćenu firmu, adresu sjedišta: | B20: Društvo za upravljanje investicijskim fondovima LILIUM ASSET MANAGEMENT d.o.o. Sarajevo, Dženetića čikma 8; 71000 Sarajevo
A21: broj telefona i telefaksa: | B21: 033 953 480; 033 953 489
A22: e-mail adresu: | B22: info@lilium-dzu.ba
A23: web: | B23: www.lilium-dzu.ba
A24: broj i datum Rješenja kojim je izdata dozvola za osnivanje Društva | B24: 05/1-19-159/08; 17.04.2008.god
A25: broj i datum Rješenja kojim je izdata dozvola Društvu za upravljanje Fondom: | B25: 05/1-19-233/10; 23.09.2010.godine
A26: imena i prezimena članova uprave Društva: | B26: Nedim Vilogorac, Adnan Mujezinović
A27: mandatni period članova uprave Društva | B27: 24.11.2025.-23.11.2029. godine
A28: imena i prezimena predsjednika i članova Nadzornog odbora Društva; | B28: Azra Babović, predsjednica Aldina Avdić, član Damir Smajić, član
A29: mandatni period Nadzornog odbora Društva za upravljanje | B29: 18.04.2025. godine - 17.04.2029. godine
A30: imena i prezimena članova Odbora za reviziju; | B30: Ljiljana Kamberović, Almir Hodžić, Andrea Zećo
A31: mandatni period Odbora za reviziju Društva za upravljanje | B31: 21.12.2025. godine - 20.12.2029. godine
... A34: firmu i adresu sjedište depozitara Fonda. | B34: ASA Banka d.d. Sarajevo; Trg međunarodnog prijateljstva 25; 71000 Sarajevo
A36: Datum izvještaja: 18.07.2026. godine
A37: Ime i prezime osobe koja je sačinila izvještaj: | B37: Ime i prezime odgovornog lica za upravljanje:
A38: Elvira Žilić | B38: NedimVilogorac, dipl. oec.

Sheet Prilog 2
A1: Naziv fonda : | C1: OIF LILIUM GLOBAL | O1: Prilog 2
A2: Registarski broj fonda : | C2: JP-D-032-05
A3: Naziv društva za upravljanje: | C3: LILIUM ASSET MANAGEMENT d.o.o. Sarajevo
A4: Matični broj društva za upravljanje: | C4: 65-01-0233-08 | J4: =' Prilog 3a'!C32 -> 1710466.7
A5: JIB društva za upravljanje: | C5: 4201337670008
A6: JIB investicionog fonda:
A7: IZVJEŠTAJ O UTVRĐIVANJU VRIJEDNOSTI IMOVINE IZ PORTFOLIJA INVESTICIJSKOG FONDA na dan 30.06.2026. godine
A10: Rb | B10: Naziv emitenta | C10: Oznaka papira | D10: Ukupan broj emitovanih vp/udjela | E10: Broj vp/udjela u vlasništvu Fonda | F10: % vlasništva fonda | G10: Nabavna cijena vp/udjela | H10: Fer cijena vp/udjela | I10: Ukupna vrijednost ulaganja | J10: % od NVI fonda | K10: Način vrednovanja | L10: % prekoračenja u investiranju | M10: Vrijednost prekoračenja | N10: Datum nastanka prekoračenja | O10: Rok za usaglašavanje
A11: 1 | B11: 2 | C11: 3 | D11: 4 | E11: 5 | F11: 6 (5/4*100) | G11: 7 | H11: 8 | I11: 9 (5*8) | J11: 10 | K11: 11 | L11: 12 | M11: 13 | N11: 14 | O11: 15
A12: ULAGANJA U INSTRUMENTE KAPITALA
A13: Ulaganje u dionice domaćih emitenata (osim u dionice investicijskih fondova)
A14: 1. | B14: BAGS-ENERGOTEHNIKA d.d. Vogošća | C14: BAGSR | D14: 1575116 | E14: 35500 | F14: =E14/D14 -> 0.022538023 | G14: 5.160563 | H14: 1.6 | I14: =H14*E14 -> 56800 | J14: =I14/J$4 -> 0.033207311 | K14: PROCJENA
A15: 2. | B15: BOSNA AUTO D.D. SARAJEVO | C15: BOATRK2 | D15: 341296 | E15: 12824 | F15: =E15/D15 -> 0.037574422 | G15: 35.136036 | H15: 0.2 | I15: =H15*E15 -> 2564.8 | J15: =I15/J$4 -> 0.0014994738 | K15: PROCJENA
A16: 3. | B16: BOSNALIJEK D.D. SARAJEVO | C16: BSNLR | D16: 8596256 | E16: 1715 | F16: =E16/D16 -> 0.00019950546 | G16: 27.2 | H16: 27.1518 | I16: =H16*E16 -> 46565.337 | J16: =I16/J$4 -> 0.027223761 | K16: TRŽIŠNA CIJENA
A17: 4. | B17: ČAJAVEC MEGA A.D. | C17: CMEG-R-A | D17: 11104166 | E17: 590000 | F17: =E17/D17 -> 0.053133211 | G17: 0.55222512 | H17: 0.342 | I17: =H17*E17 -> 201780 | J17: =I17/J$4 -> 0.1179678 | K17: PROCJENA | L17: =J17-10% -> 0.017967804 | M17: 30733.33 | N17: 28.03.2025. | O17: Rok za usklađenje je što kraći prema uslovima na tržištu i zaštiti interesa udjeličara
A18: 5. | B18: ENERGONOVA D.D. SARAJEVO | C18: EGNSR | D18: 948601 | E18: 9600 | F18: =E18/D18 -> 0.010120166 | G18: 42.779844 | H18: 9.01 | I18: =H18*E18 -> 86496 | J18: =I18/J$4 -> 0.050568655 | K18: PROCJENA
A19: 6. | B19: JKP JABLANICA DD | C19: JABLRK4 | D19: 56887 | E19: 338 | F19: =E19/D19 -> 0.0059416035 | G19: 231.78683 | H19: 0 | I19: =H19*E19 -> 0 | J19: =I19/J$4 -> 0 | K19: PROCJENA
A20: 7. | B20: MERKUR D.D. SARAJEVO | C20: MRKSR | D20: 779269 | E20: 30380 | F20: =E20/D20 -> 0.038985254 | G20: 7.965175 | H20: 0 | I20: =H20*E20 -> 0 | J20: =I20/J$4 -> 0 | K20: PROCJENA
A21: 8. | B21: METALOTEHNA D.D. TUZLA | C21: MTHNRK2 | D21: 364462 | E21: 36000 | F21: =E21/D21 -> 0.09877573 | G21: 8.1703847 | H21: 0.43 | I21: =H21*E21 -> 15480 | J21: =I21/J$4 -> 0.0090501616 | K21: PROCJENA
A22: 10. | B22: ŠIPAD -ERC DD SARAJEVO | C22: SRCSR | D22: 89405 | E22: 8400 | F22: =E22/D22 -> 0.093954477 | G22: 6 | H22: 6 | I22: =H22*E22 -> 50400 | J22: =I22/J$4 -> 0.029465642 | K22: PROCJENA
A23: 11. | B23: ŠTAMPARIJA FOJNICA DD FOJNICA | C23: STFJR | D23: 531676 | E23: 9893 | F23: =E23/D23 -> 0.018607197 | G23: 4.205806 | H23: 3.66 | I23: =H23*E23 -> 36208.38 | J23: =I23/J$4 -> 0.021168714 | K23: PROCJENA
A24: 12. | B24: TRZ HADŽIĆI D.D. | C24: TRZHR | D24: 583338 | E24: 5163 | F24: =E24/D24 -> 0.0088507863 | G24: 27.645443 | H24: 13.93 | I24: =H24*E24 -> 71920.59 | J24: =I24/J$4 -> 0.042047349 | K24: PROCJENA
A25: 13. | B25: TELEDIGITAL D.D. SARAJEVO | C25: TTRSR | D25: 435741 | E25: 27713 | F25: =E25/D25 -> 0.063599707 | G25: 25.730008 | H25: 0 | I25: =H25*E25 -> 0 | J25: =I25/J$4 -> 0 | K25: PROCJENA
A26: 14. | B26: UNIONINVESTPLASTIKA D.D. | C26: UNPLR | D26: 353242 | E26: 17004 | F26: =E26/D26 -> 0.048136971 | G26: 22.464298 | H26: 16.05 | I26: =H26*E26 -> 272914.2 | J26: =I26/J$4 -> 0.1595554 | K26: PROCJENA | L26: =J26-10% -> 0.059555401 | M26: 101867.53 | N26: 11.04.2025. | O26: Rok za usklađenje je što kraći prema uslovima na tržištu i zaštiti interesa udjeličara
A27: 15. | B27: JKP VODOVOD I KANALIZACIJA DD KONJIC | C27: VKNKRK1 | D27: 641425 | E27: 20000 | F27: =E27/D27 -> 0.031180575 | G27: 3.184356 | H27: 1.4 | I27: =H27*E27 -> 28000 | J27: =I27/J$4 -> 0.016369801 | K27: PROCJENA
A28: 16. | B28: GP ŽGP Sarajevo | C28: ZGPSR | D28: 1737914 | E28: 42500 | F28: =E28/D28 -> 0.024454605 | G28: 2.488534 | H28: 0 | I28: =H28*E28 -> 0 | J28: =I28/J$4 -> 0 | K28: PROCJENA
I29: =SUM(I14:I28) -> 869129.31 | J29: =I29/J$4 -> 0.50812407
A31: 17. | B31: ZIF BIG -Investiciona grupa d.d. Sarajevo | C31: BIGFRK3 | D31: 10658236 | E31: 50897 | F31: =E31/D31 -> 0.0047753681 | G31: 2.149582 | H31: 0.73 | I31: =E31*H31 -> 37154.81 | J31: =I31/J$4 -> 0.021722031 | K31: PROCJENA | L31: 0.013109 | M31: 22421.258 | N31: 04.01.2024. | O31: Rok za usklađenje je što kraći prema uslovima na tržištu i zaštiti interesa udjeličara
A32: 18. | B32: ZIF CROBIH FOND DD MOSTAR | C32: CRBFRK1 | D32: 3053478 | E32: 6250 | F32: =E32/D32 -> 0.0020468463 | G32: 4 | H32: 0.9 | I32: =E32*H32 -> 5625 | J32: =I32/J$4 -> 0.0032885762 | K32: PROCJENA | L32: 0.001985 | M32: 3394.4347 | N32: 04.01.2024. | O32: Rok za usklađenje je što kraći prema uslovima na tržištu i zaštiti interesa udjeličara
A33: 19. | B33: ZIF MI-GROUP DD | C33: MIGFRK2 | D33: 4926930 | E33: 45500 | F33: =E33/D33 -> 0.0092349597 | G33: 2.418633 | H33: 0.73 | I33: =E33*H33 -> 33215 | J33: =I33/J$4 -> 0.019418677 | K33: PROCJENA | L33: 0.011719 | M33: 20043.76 | N33: 04.01.2024. | O33: Rok za usklađenje je što kraći prema uslovima na tržištu i zaštiti interesa udjeličara
A34: 20. | B34: ZIF NAPRIJED | C34: NPRFRK2 | D34: 4076253 | E34: 9716 | F34: =E34/D34 -> 0.0023835616 | G34: 1.48 | H34: 0.81 | I34: =E34*H34 -> 7869.96 | J34: =I34/J$4 -> 0.0046010601 | K34: PROCJENA | L34: 0.002777 | M34: 4749.1672 | N34: 04.01.2024. | O34: Rok za usklađenje je što kraći prema uslovima na tržištu i zaštiti interesa udjeličara
A35: Ukupna ulaganja u dionice domaćih investicijskih fondova | I35: =SUM(I31:I34) -> 83864.77 | J35: =SUM(J31:J34) -> 0.049030344
A36: Ukupna ulaganja u dionice domaćih emitenata
A37: Ulaganje u dionice inostranih emitenata (osim dionica investicijskih fondova)
A40: Ukupno ulaganje u dionice inostranih investicijskih fondova
A41: Ukupna ulaganja u dionice inostranih emitenata
A42: UKUPNA ULAGANJA U INSTRUMENTE KAPITALA
A43: Rb | B43: Naziv emitenta | C43: Oznaka papira | D43: Ukupan broj emitovanih vp/udjela | E43: Broj vp/udjela u vlasništvu Fonda | F43: % vlasništva fonda | G43: Nabavna cijena vp/udjela | H43: Fer cijena vp/udjela | I43: Ukupna vrijednost ulaganja | J43: % od NVI fonda | K43: Način vrednovanja | L43: % prekoračenja u investiranju | M43: Vrijednost prekoračenja | N43: Datum nastanka prekoračenja | O43: Rok za usaglašavanje
A44: 1 | B44: 2 | C44: 3 | D44: 4 | E44: 5 | F44: 6 (5/4*100) | G44: 7 | H44: 8 | I44: 9 (5*8) | J44: 10 | K44: 11 | L44: 12 | M44: 13 | N44: 14 | O44: 15
A45: ULAGANJA U DUŽNIČKE INSTRUMENTE
A46: Ulaganje u obveznice domaćih emitenata
A49: Ukupna ulaganja u obveznice domaćih emitenata
A50: Ostala ulaganja u dužničke instrumente domaćih emitenata
A53: Ukupna ostala ulaganja u dužničke instrumente domaćih emitenata
A54: Ukupna ulaganja u dužničke instrumente domaćih emitenata
A55: Ulaganja u obveznice inostranih emitenata
A58: Ukupna ulaganja u obveznice inostranih emitenata
A59: Ostala ulaganja u dužničke instrumente inostranih emitenata
A62: Ukupna ostala ulaganja u dužničke instrumente inostranih emitenata
A63: Ukupna ulaganja u dužničke instrumente inostranih emitenata
A64: UKUPNA ULAGANJA U DUŽNIČKE INSTRUMENTE
A65: Rb | B65: Naziv emitenta | C65: Oznaka papira | D65: Ukupan broj emitovanih vp/udjela | E65: Broj vp/udjela u vlasništvu Fonda | F65: % vlasništva fonda | G65: Nabavna cijena vp/udjela | H65: Fer cijena vp/udjela | I65: Ukupna vrijednost ulaganja | J65: % od NVI fonda | K65: Način vrednovanja | L65: % prekoračenja u investiranju | M65: Vrijednost prekoračenja | N65: Datum nastanka prekoračenja | O65: Rok za usaglašavanje
A66: 1 | B66: 2 | C66: 3 | D66: 4 | E66: 5 | F66: 6 (5/4*100) | G66: 7 | H66: 8 | I66: 9 (5*8) | J66: 10 | K66: 11 | L66: 12 | M66: 13 | N66: 14 | O66: 15
A67: ULAGANJA U UDJELE INVESTICIJSKIH FONDOVA
A68: Ulaganja u udjele domaćih investicijskih fondova
A69: 21. | B69: OIF SME BH EQUITY | C69: HBHEQ-OIF | D69: 220115.36 | E69: 52167.306 | F69: =E69/D69 -> 0.23699985 | G69: 5.127703 | H69: 6.6612 | I69: =E69*H69 -> 347496.86 | J69: =I69/J$4 -> 0.20315909 | K69: TRŽIŠNA CIJENA | L69: 0.122601 | M69: 209698.74 | N69: 04.01.2024. | O69: Rok za usklađenje je što kraći prema uslovima na tržištu i zaštiti interesa udjeličara
A71: Ukupna ulaganja u udjele domaćih investicijskih fondova
A72: Ulaganja u udjele inostranih investicijskih fondova
A75: Ukupna ulaganja u udjele inostranih investicijskih fondova
A76: UKUPNA ULAGANJA U UDJELE INVESTICIJSKIH FONDOVA
A77: Rb | B77: Naziv emitenta | C77: Oznaka papira | D77: Ukupan broj emitovanih vp/udjela | E77: Broj vp/udjela u vlasništvu Fonda | F77: % vlasništva fonda | G77: Nabavna cijena vp/udjela | H77: Fer cijena vp/udjela | I77: Ukupna vrijednost ulaganja | J77: % od NVI fonda | K77: Način vrednovanja | L77: % prekoračenja u investiranju | M77: Vrijednost prekoračenja | N77: Datum nastanka prekoračenja | O77: Rok za usaglašavanje
A78: 1 | B78: 2 | C78: 3 | D78: 4 | E78: 5 | F78: 6 (5/4*100) | G78: 7 | H78: 8 | I78: 9 (5*8) | J78: 10 | K78: 11 | L78: 12 | M78: 13 | N78: 14 | O78: 15
A79: ULAGANJA U FINANSIJSKE DERIVATE
A80: Ulaganje u finansijske derivate domaćih emitenata
A83: Ukupna ulaganja u finansijske derivate domaćih emitenata
A84: Ulaganje u finansijske derivate inostranih emitenata
A87: Ukupna ulaganja u finansijske derivate inostranih emitenata
A88: UKUPNA ULAGANJA U FINANSIJSKE DERIVATE
A89: Rb | B89: Naziv emitenta | C89: Oznaka papira | D89: Ukupan broj emitovanih vp/udjela | E89: Broj vp/udjela u vlasništvu Fonda | F89: % vlasništva fonda | G89: Nabavna cijena vp/udjela | H89: Fer cijena vp/udjela | I89: Ukupna vrijednost ulaganja | J89: % od NVI fonda | K89: Način vrednovanja | L89: % prekoračenja u investiranju | M89: Vrijednost prekoračenja | N89: Datum nastanka prekoračenja | O89: Rok za usaglašavanje
A90: 1 | B90: 2 | C90: 3 | D90: 4 | E90: 5 | F90: 6 (5/4*100) | G90: 7 | H90: 8 | I90: 9 (5*8) | J90: 10 | K90: 11 | L90: 12 | M90: 13 | N90: 14 | O90: 15
A91: OSTALA ULAGANJA
A92: Ulaganje u ostale dozvoljene oblike finansijske imovine u zemlji
A95: Ukupna ulaganja u ostale oblike finansijske imovine u zemlji
A96: Ulaganja u ostale dozvoljene oblike finansijske imovine u inostranstvu
A99: UKUPNA OSTALA ULAGANJA
A100: Rb | B100: Naziv emitenta | C100: Oznaka papira | D100: Ukupan broj emitovanih vp/udjela | E100: Broj vp/udjela u vlasništvu Fonda | F100: % vlasništva fonda | G100: Nabavna cijena vp/udjela | H100: Fer cijena vp/udjela | I100: Ukupna vrijednost ulaganja | J100: Vrijednost prekoračenja | K100: Način vrednovanja | L100: % prekoračenja u investiranju | M100: Vrijednost prekoračenja | N100: Datum nastanka prekoračenja | O100: Rok za usaglašavanje
A101: 1 | B101: 2 | C101: 3 | D101: 4 | E101: 5 | F101: 6 (5/4*100) | G101: 7 | H101: 8 | I101: 9 (5*8) | J101: 10 | K101: 11 | L101: 12 | M101: 13 | N101: 14 | O101: 15
A102: ULAGANJA U DEPOZITE
A103: Ulaganje u depozite kod domaćih banaka
A106: Ukupna ulaganja u depozite kod domaćih banaka
A107: Ulaganje u depozite kod inostranih banaka
A110: Ukupna ulaganja u depozite kod inostranih banaka
A111: UKUPNA ULAGANJA U DEPOZITE
A112: Rb | B112: Vrsta nekretnine | C112: Vrijednost ulaganja | D112: Površina m2 | E112: Cijena po m2 | F112: Fer vrijednost nekretnine | G112: % od NVI fonda | H112: Način vrednovanja | I112: % prekoračenja u investiranju | J112: Vrijednost prekoračenja | K112: Datum nastanka prekoračenja | L112: Rok za usaglašavanje
A113: 1 | B113: 2 | C113: 3 | D113: 4 | E113: 5 | F113: 6 | G113: 7 | H113: 8 | I113: 9 | J113: 10
A114: ULAGANJE U NEKRETNINE
A115: Ulaganje u nekretnine radi izdavanja u najam
A118: Ukupna ulaganja u nekretnine radi davanja u najam
A119: Ulaganje u nekretnine radi prodaje
A122: Ukupna ulaganja u nekretnine radi prodaje
A123: UKUPNA ULAGANJA U NEKRETNINE
A124: REKAPITULACIJA | I124: Nabavna vrijednost ulaganja | J124: Ukupna vrijednost ulaganja | K124: % od NVI fonda | L124: Vrijednost prekoračenja
A125: UKUPNA DOMAĆA ULAGANJA | I125: 4056954.7 | J125: =I69+I35+I29 -> 1300490.9 | K125: =J125/J4 -> 0.76031351 | L125: =M17+M26+M31+M32+M33+M34+M69 -> 392908.22
A126: UKUPNA ULAGANJA U INOSTRANSTVU | I126: 0 | J126: 0 | K126: =J126/J4 -> 0 | L126: 0
A127: UKUPNA ULAGANJA | I127: =I126+I125 -> 4056954.7 | J127: =J125+J126 -> 1300490.9 | K127: =SUM(K125:K126) -> 0.76031351 | L127: =L125+L126 -> 392908.22
B129: ='[1] Prilog 1'!A36 -> Datum izvještaja: 03.07.2026. godine
B130: Ime i prezime osobe koja je sačinila izvještaj: | K130: Ime i prezime odgovornog lica za upravljanje:
B131: Elvira Žilić | K131: NedimVilogorac, dipl. oec.

Sheet Prilog 3
A2: Naziv fonda | D2: OIF LILIUM GLOBAL | R2: Prilog 3
A3: Registarski broj fonda | D3: JP-D-032-05
A4: Naziv društva za upravljanje | D4: LILIUM ASSET MANAGEMENT D.O.O. SARAJEVO
A5: Matični broj društva za upravljanje | D5: 65-01-0233-08
A6: JIB društva za upravljanje | D6: 4201337670008
A7: JIB investicijskog fonda
A9: IZVJEŠTAJ O OBRAČUNU VRIJEDNOSTI NETO IMOVINE INVESTICIJSKOG FONDA ZA MJESEC period 01.01. - 30.06.2026. godine
A10: Datum | B10: IMOVINA FONDA | G10: OBAVEZE FONDA | L10: Ukupna neto vrijednost imovine | M10: Iznos umanjenja neto vrijednosti imovine zbog prekoračenja i neusklađenosti ulaganja | N10: Neto vrijednost imovine za obračun naknade za upravljanje | O10: % naknade za upravljanje | P10: Iznos naknade za upravljanje | Q10: Broj dionica/udjela fonda | R10: NVI po dionici/udjelu fonda
B11: Gotovina | C11: Ulaganja | D11: Potraživanja | E11: Ostalo | F11: UKUPNO | G11: Obaveze po osnovu ulaganja fonda | H11: Obaveze po osnovu troškova poslovanja | I11: Obaveze prema DUF-u | J11: Ostale | K11: UKUPNO
A12: 46023 | B12: 153403.24 | C12: 2205563.6 | D12: 1579.58 | E12: 0 | F12: 2360546.4 | G12: 0 | H12: 9071.1 | I12: 4485.09 | J12: 0 | K12: 13556.19 | L12: 2346990.3 | M12: 402967.85 | N12: 1944022.4 | O12: 0.02 | P12: 106.52 | Q12: 2071711.6 | R12: 1.132875
A13: 46024 | B13: 153403.24 | C13: 2205563.6 | D13: 1579.58 | E13: 0 | F13: 2360546.5 | G13: 0 | H13: 9153.47 | I13: 4591.61 | J13: 0 | K13: 13745.08 | L13: 2346801.4 | M13: 403062.31 | N13: 1943739.1 | O13: 0.02 | P13: 106.51 | Q13: 2071711.6 | R13: 1.1327838
A14: 46025 | B14: 153403.24 | C14: 2205563.6 | D14: 1579.58 | E14: 0 | F14: 2360546.5 | G14: 0 | H14: 9235.84 | I14: 4698.12 | J14: 0 | K14: 13933.96 | L14: 2346612.5 | M14: 403156.75 | N14: 1943455.7 | O14: 0.02 | P14: 106.49 | Q14: 2071711.6 | R14: 1.1326926
A15: 46026 | B15: 153403.24 | C15: 2205563.6 | D15: 1579.58 | E15: 0 | F15: 2360546.5 | G15: 0 | H15: 9318.21 | I15: 4804.61 | J15: 0 | K15: 14122.82 | L15: 2346423.6 | M15: 403251.19 | N15: 1943172.4 | O15: 0.02 | P15: 106.48 | Q15: 2071711.6 | R15: 1.1326015
A16: 46027 | B16: 153403.24 | C16: 2205537.5 | D16: 1579.58 | E16: 0 | F16: 2360520.4 | G16: 0 | H16: 9400.58 | I16: 4911.09 | J16: 0 | K16: 14311.67 | L16: 2346208.7 | M16: 403332.57 | N16: 1942876.1 | O16: 0.02 | P16: 106.46 | Q16: 2071711.6 | R16: 1.1324977
A17: 46028 | B17: 153403.24 | C17: 2205540.8 | D17: 1579.58 | E17: 0 | F17: 2360523.6 | G17: 0 | H17: 9482.95 | I17: 5017.55 | J17: 0 | K17: 14500.5 | L17: 2346023.1 | M17: 403425.37 | N17: 1942597.8 | O17: 0.02 | P17: 106.44 | Q17: 2071711.6 | R17: 1.1324082
A18: 46029 | B18: 153403.24 | C18: 2204898.4 | D18: 1579.58 | E18: 0 | F18: 2359881.2 | G18: 0 | H18: 9565.32 | I18: 5123.99 | J18: 0 | K18: 14689.31 | L18: 2345191.9 | M18: 403840.99 | N18: 1941350.9 | O18: 0.02 | P18: 106.38 | Q18: 2071711.6 | R18: 1.1320069
A19: 46030 | B19: 153403.24 | C19: 2203278.9 | D19: 1579.58 | E19: 0 | F19: 2358261.7 | G19: 0 | H19: 9647.69 | I19: 5230.37 | J19: 0 | K19: 14878.06 | L19: 2343383.6 | M19: 404745.15 | N19: 1938638.5 | O19: 0.02 | P19: 106.23 | Q19: 2071711.6 | R19: 1.1311341
A20: 46031 | B20: 153403.24 | C20: 2202473.2 | D20: 1579.58 | E20: 0 | F20: 2357456 | G20: 0 | H20: 9730.06 | I20: 5336.6 | J20: 0 | K20: 15066.66 | L20: 2342389.3 | M20: 404898.07 | N20: 1937491.3 | O20: 0.02 | P20: 106.16 | Q20: 2071711.6 | R20: 1.1306542
A21: 46032 | B21: 153403.24 | C21: 2202403.2 | D21: 1579.58 | E21: 0 | F21: 2357386.1 | G21: 0 | H21: 9812.42 | I21: 5442.76 | J21: 0 | K21: 15255.18 | L21: 2342130.9 | M21: 405027.34 | N21: 1937103.5 | O21: 0.02 | P21: 106.14 | Q21: 2071711.6 | R21: 1.1305294
A22: 46033 | B22: 153403.24 | C22: 2202403.2 | D22: 1579.58 | E22: 0 | F22: 2357386.1 | G22: 0 | H22: 9894.78 | I22: 5548.9 | J22: 0 | K22: 15443.68 | L22: 2341942.4 | M22: 405121.6 | N22: 1936820.8 | O22: 0.02 | P22: 106.13 | Q22: 2071711.6 | R22: 1.1304384
A23: 46034 | B23: 147862.57 | C23: 2202342.4 | D23: 1579.58 | E23: 0 | F23: 2351784.5 | G23: 0 | H23: 8010.42 | I23: 2083.48 | J23: 0 | K23: 10093.9 | L23: 2341690.6 | M23: 407069.68 | N23: 1934620.9 | O23: 0.02 | P23: 106.01 | Q23: 2071711.6 | R23: 1.1303169
... A42: 46053 | B42: 10003.11 | C42: 2166682.3 | D42: 1579.58 | E42: 0 | F42: 2178265 | G42: 0 | H42: 9570.69 | I42: 3850.1 | J42: 0 | K42: 13420.79 | L42: 2164844.2 | M42: 607680.34 | N42: 1557163.9 | O42: 0.02 | P42: 85.32 | Q42: 1921711.6 | R42: 1.1265188
A43: Prosjek | B43: =AVERAGE(B12:B42) -> 132041.26 | C43: =AVERAGE(C12:C42) -> 2195399.5 | D43: =AVERAGE(D12:D42) -> 3633.1929 | E43: =AVERAGE(E12:E42) -> 0 | F43: =AVERAGE(F12:F42) -> 2331074 | G43: =AVERAGE(G12:G42) -> 24.826452 | H43: =AVERAGE(H12:H42) -> 52724.634 | I43: =AVERAGE(I12:I42) -> 3729.6894 | ... R43: =AVERAGE(R12:R42) -> 1.1295325
A44: Ukupno | B44: =SUM(B12:B42) -> 4093279.2 | C44: =SUM(C12:C42) -> 68057386 | D44: =SUM(D12:D42) -> 112628.98 | E44: =SUM(E12:E42) -> 0 | F44: =SUM(F12:F42) -> 72263294 | G44: =SUM(G12:G42) -> 769.62 | H44: =SUM(H12:H42) -> 1634463.6 | I44: =SUM(I12:I42) -> 115620.37 | ... R44: =SUM(R12:R42) -> 35.015506
A45: 46054 | B45: 10003.11 | C45: 2166682.3 | D45: 1579.58 | E45: 0 | F45: 2178265 | G45: 0 | H45: 9659.64 | I45: 3935.42 | J45: 0 | K45: 13595.06 | L45: 2164670 | M45: 607767.49 | N45: 1556902.5 | O45: 0.02 | P45: 85.31 | Q45: 1921711.6 | R45: 1.1264281
A46: 46055 | B46: 10003.11 | C46: 2166635.4 | D46: 1579.58 | E46: 0 | F46: 2178218.1 | G46: 0 | H46: 9747.87 | I46: 4020.73 | J46: 0 | K46: 13768.6 | L46: 2164449.5 | M46: 607830.79 | N46: 1556618.7 | O46: 0.02 | P46: 85.29 | Q46: 1921711.6 | R46: 1.1263134
A47: 46056 | B47: 10003.11 | C47: 2163058.4 | D47: 1579.58 | E47: 0 | F47: 2174641.1 | G47: 0 | H47: 9836.1 | I47: 4106.02 | J47: 0 | K47: 13942.12 | L47: 2160699 | M47: 609690.39 | N47: 1551008.6 | O47: 0.02 | P47: 84.99 | Q47: 1921711.6 | R47: 1.1243617
A48: 46057 | B48: 10003.11 | C48: 2163027.1 | D48: 1579.58 | E48: 0 | F48: 2174609.8 | G48: 0 | H48: 9924.33 | I48: 4191.01 | J48: 0 | K48: 14115.34 | L48: 2160494.5 | M48: 609761.5 | N48: 1550733 | O48: 0.02 | P48: 84.97 | Q48: 1921711.6 | R48: 1.1242553
A49: 46058 | B49: 10003.11 | C49: 2162896 | D49: 1579.58 | E49: 0 | F49: 2174478.7 | G49: 0 | H49: 10012.56 | I49: 4275.98 | J49: 0 | K49: 14288.54 | L49: 2160190.2 | M49: 609824.98 | N49: 1550365.2 | O49: 0.02 | P49: 84.95 | Q49: 1921711.6 | R49: 1.124097
A50: 46059 | B50: 10003.11 | C50: 2162859.5 | D50: 1579.58 | E50: 0 | F50: 2174442.2 | G50: 0 | H50: 10100.78 | I50: 4360.93 | J50: 0 | K50: 14461.71 | L50: 2159980.5 | M50: 609893.33 | N50: 1550087.1 | O50: 0.02 | P50: 84.94 | Q50: 1921711.6 | R50: 1.1239878
A51: 46060 | B51: 10003.11 | C51: 2162859.5 | D51: 1579.58 | E51: 0 | F51: 2174442.2 | G51: 0 | H51: 10189 | I51: 4445.87 | J51: 0 | K51: 14634.87 | L51: 2159807.3 | M51: 609979.91 | N51: 1549827.4 | O51: 0.02 | P51: 84.92 | Q51: 1921711.6 | R51: 1.1238977
A52: 46061 | B52: 10003.11 | C52: 2162859.5 | D52: 1579.58 | E52: 0 | F52: 2174442.2 | G52: 0 | H52: 10277.22 | I52: 4530.79 | J52: 0 | K52: 14808.01 | L52: 2159634.2 | M52: 610066.49 | N52: 1549567.7 | O52: 0.02 | P52: 84.91 | Q52: 1921711.6 | R52: 1.1238076
A53: 46062 | B53: 10003.11 | C53: 2162838.6 | D53: 1579.58 | E53: 0 | F53: 2174421.3 | G53: 0 | H53: 10365.44 | I53: 4615.7 | J53: 0 | K53: 14981.14 | L53: 2159440.2 | M53: 610142.63 | N53: 1549297.5 | O53: 0.02 | P53: 84.89 | Q53: 1921711.6 | R53: 1.1237067
A54: 46063 | B54: 10003.11 | C54: 2162711.5 | D54: 1579.58 | E54: 0 | F54: 2174294.2 | G54: 0 | H54: 10453.66 | I54: 4700.59 | J54: 0 | K54: 15154.25 | L54: 2159140 | M54: 610282.3 | N54: 1548857.7 | O54: 0.02 | P54: 84.87 | Q54: 1921711.6 | R54: 1.1235505
A55: 46064 | B55: 10003.11 | C55: 2162706.3 | D55: 1579.58 | E55: 0 | F55: 2174289 | G55: 0 | H55: 10781.88 | I55: 4785.46 | J55: 0 | K55: 15567.34 | L55: 2158721.7 | M55: 610486.24 | N55: 1548235.4 | O55: 0.02 | P55: 84.83 | Q55: 1921711.6 | R55: 1.1233328
A56: 46065 | B56: 5003.06 | C56: 2162701.1 | D56: 1579.58 | E56: 0 | F56: 2169283.7 | G56: 0 | H56: 8915.55 | I56: 1827.19 | J56: 0 | K56: 10742.74 | L56: 2158541 | M56: 610571.37 | N56: 1547969.6 | O56: 0.02 | P56: 84.82 | Q56: 1921711.6 | R56: 1.1232388
... A72: 46081 | B72: 3503.81 | C72: 2163118.2 | D72: 1579.58 | E72: 0 | F72: 2168201.6 | G72: 0 | H72: 10326.36 | I72: 3121.95 | J72: 0 | K72: 13448.31 | L72: 2154753.3 | M72: 613247.92 | N72: 1541505.4 | O72: 0.02 | P72: 84.47 | Q72: 1920388 | R72: 1.1220406
A73: Prosjek | B73: =AVERAGE(B45:B72) -> 8275.5332 | C73: =AVERAGE(C45:C72) -> 2163310.8 | D73: =AVERAGE(D45:D72) -> 1579.58 | E73: =AVERAGE(E45:E72) -> 0 | F73: =AVERAGE(F45:F72) -> 2173165.9 | G73: =AVERAGE(G45:G72) -> 0 | H73: =AVERAGE(H45:H72) -> 21992.741 | I73: =AVERAGE(I45:I72) -> 3582.3664 | ... R73: =AVERAGE(R45:R72) -> 1.1233898
A74: Ukupno | B74: =SUM(B45:B72) -> 231714.93 | C74: =SUM(C45:C72) -> 60572702 | D74: =SUM(D45:D72) -> 44228.24 | E74: =SUM(E45:E72) -> 0 | F74: =SUM(F45:F72) -> 60848645 | G74: =SUM(G45:G72) -> 0 | H74: =SUM(H45:H72) -> 615796.75 | I74: =SUM(I45:I72) -> 100306.26 | ... R74: =SUM(R45:R72) -> 31.454915
A75: 46082 | B75: 3503.81 | C75: 2163118.2 | D75: 1579.58 | E75: 0 | F75: 2168201.6 | G75: 0 | H75: 10408.53 | I75: 3205.57 | J75: 0 | K75: 13614.1 | L75: 2154587.5 | M75: 613330.82 | N75: 1541256.7 | O75: 0.02 | P75: 84.45 | Q75: 1920388 | R75: 1.1219543
A76: 46083 | B76: 3503.81 | C76: 2163104.9 | D76: 1579.58 | E76: 0 | F76: 2168188.3 | G76: 0 | H76: 10490.54 | I76: 3290.02 | J76: 0 | K76: 13780.56 | L76: 2154407.7 | M76: 613420.73 | N76: 1540987 | O76: 0.02 | P76: 84.44 | Q76: 1920388 | R76: 1.1218607
A77: 46084 | B77: 3503.81 | C77: 2162558.3 | D77: 1579.58 | E77: 0 | F77: 2167641.7 | G77: 0 | H77: 10572.55 | I77: 3374.46 | J77: 0 | K77: 13947.01 | L77: 2153694.7 | M77: 613119.97 | N77: 1540574.7 | O77: 0.02 | P77: 84.42 | Q77: 1920388 | R77: 1.1214894
A78: 46085 | B78: 3503.81 | C78: 2162523 | D78: 1579.58 | E78: 0 | F78: 2167606.4 | G78: 0 | H78: 10654.56 | I78: 3458.88 | J78: 0 | K78: 14113.44 | L78: 2153492.9 | M78: 613726.88 | N78: 1539766 | O78: 0.02 | P78: 84.37 | Q78: 1920388 | R78: 1.1213843
A79: 46086 | B79: 3503.81 | C79: 2162491.7 | D79: 1579.58 | E79: 0 | F79: 2167575.1 | G79: 0 | H79: 10736.57 | I79: 3543.25 | J79: 0 | K79: 14279.82 | L79: 2153295.2 | M79: 613794.44 | N79: 1539500.8 | O79: 0.02 | P79: 84.36 | Q79: 1920388 | R79: 1.1212814
A80: 46087 | B80: 3503.81 | C80: 2162971.6 | D80: 1579.58 | E80: 0 | F80: 2168055 | G80: 0 | H80: 10818.58 | I80: 3627.61 | J80: 0 | K80: 14446.19 | L80: 2153608.8 | M80: 614117.6 | N80: 1539491.2 | O80: 0.02 | P80: 84.36 | Q80: 1920388 | R80: 1.1214446
A81: 46088 | B81: 3503.81 | C81: 2162971.6 | D81: 1579.58 | E81: 0 | F81: 2168055 | G81: 0 | H81: 10900.59 | I81: 3711.97 | J81: 0 | K81: 14612.56 | L81: 2153442.4 | M81: 614200.79 | N81: 1539241.6 | O81: 0.02 | P81: 84.34 | Q81: 1920388 | R81: 1.121358
A82: 46089 | B82: 3503.81 | C82: 2162971.6 | D82: 1579.58 | E82: 0 | F82: 2168055 | G82: 0 | H82: 10982.6 | I82: 3796.31 | J82: 0 | K82: 14778.91 | L82: 2153276.1 | M82: 614283.97 | N82: 1538992.1 | O82: 0.02 | P82: 84.33 | Q82: 1920388 | R82: 1.1212714
A83: 46090 | B83: 3503.81 | C83: 2162146.1 | D83: 1579.58 | E83: 0 | F83: 2167229.5 | G83: 0 | H83: 11064.61 | I83: 3880.64 | J83: 0 | K83: 14945.25 | L83: 2152284.2 | M83: 614070.43 | N83: 1538213.8 | O83: 0.02 | P83: 84.29 | Q83: 1920388 | R83: 1.1207549
A84: 46091 | B84: 814.31 | C84: 2143804.3 | D84: 1579.58 | E84: 0 | F84: 2146198.2 | G84: 0 | H84: 10774.82 | I84: 1650.83 | J84: 0 | K84: 12425.65 | L84: 2133772.6 | M84: 604921.89 | N84: 1528850.7 | O84: 0.02 | P84: 83.77 | Q84: 1920388 | R84: 1.1111154
A85: 46092 | B85: 814.31 | C85: 2133247.5 | D85: 12567.08 | E85: 0 | F85: 2146628.9 | G85: 0 | H85: 10993.29 | I85: 1734.6 | J85: 0 | K85: 12727.89 | L85: 2133901 | M85: 604873.59 | N85: 1529027.4 | O85: 0.02 | P85: 83.78 | Q85: 1920388 | R85: 1.1111823
A86: 46093 | B86: 814.31 | C86: 2133281.6 | D86: 12567.08 | E86: 0 | F86: 2146663 | G86: 0 | H86: 11075.26 | I86: 1818.38 | J86: 0 | K86: 12893.64 | L86: 2133769.3 | M86: 604908.14 | N86: 1528861.2 | O86: 0.02 | P86: 83.77 | Q86: 1920388 | R86: 1.1111137
... A105: 46112 | B105: 2829.66 | C105: 1853730.9 | D105: 192139.58 | E105: 0 | F105: 2048700.2 | G105: 0 | H105: 162365.25 | I105: 3339.93 | J105: 0 | K105: 165705.18 | L105: 1882995 | M105: 518637.85 | N105: 1364357.2 | O105: 0.02 | P105: 74.76 | Q105: 1773209.7 | R105: 1.0619133
A106: Prosjek | B106: =AVERAGE(B75:B105) -> 3692.6681 | C106: =AVERAGE(C75:C105) -> 2112724.7 | D106: =AVERAGE(D75:D105) -> 8435.5477 | E106: =AVERAGE(E75:E105) -> 0 | F106: =AVERAGE(F75:F105) -> 2124852.9 | G106: =AVERAGE(G75:G105) -> 0 | H106: =AVERAGE(H75:H105) -> 27098.757 | I106: =AVERAGE(I75:I105) -> 2817.2023 | ... N106: =AVERAGE(N75:N105) -> 1485428 | O106: 0.02 | P106: =AVERAGE(P75:P105) -> 81.394194 | Q106: =AVERAGE(Q75:Q105) -> 1901397.2 | R106: =AVERAGE(R75:R105) -> 1.1014046
A107: Ukupno | B107: =SUM(B75:B105) -> 114472.71 | C107: =SUM(C75:C105) -> 65494465 | D107: =SUM(D75:D105) -> 261501.98 | E107: =SUM(E75:E105) -> 0 | F107: =SUM(F75:F105) -> 65870439 | G107: =SUM(G75:G105) -> 0 | H107: =SUM(H75:H105) -> 840061.46 | I107: =SUM(I75:I105) -> 87333.27 | ... R107: =SUM(R75:R105) -> 34.143543
A108: 46113 | B108: 2829.66 | C108: 1837637.1 | D108: 192139.58 | E108: 0 | F108: 2032606.4 | G108: 0 | H108: 162448.01 | I108: 3404.98 | J108: 0 | K108: 165852.99 | L108: 1866753.4 | M108: 510659.72 | N108: 1356093.7 | O108: 0.02 | P108: 74.31 | Q108: 1773209.7 | R108: 1.0527539
A109: 46114 | B109: 30229.45 | C109: 1827182.6 | D109: 1579.58 | E109: 0 | F109: 1858991.6 | G109: 0 | H109: 1897.39 | I109: 956.07 | J109: 0 | K109: 2853.46 | L109: 1856138.1 | M109: 505513.02 | N109: 1350625.1 | O109: 0.02 | P109: 74.01 | Q109: 1773209.7 | R109: 1.0467674
A110: 46115 | B110: 30229.45 | C110: 1827193 | D110: 1579.58 | E110: 0 | F110: 1859002 | G110: 0 | H110: 1980.69 | I110: 1030.08 | J110: 0 | K110: 3010.77 | L110: 1855991.2 | M110: 505597.06 | N110: 1350394.2 | O110: 0.02 | P110: 73.99 | Q110: 1773209.7 | R110: 1.0466846
A111: 46116 | B111: 30229.45 | C111: 1827193 | D111: 1579.58 | E111: 0 | F111: 1859002 | G111: 0 | H111: 51782.24 | I111: 1104.07 | J111: 0 | K111: 52886.31 | L111: 1806115.7 | M111: 530534.83 | N111: 1275580.9 | O111: 0.02 | P111: 69.89 | Q111: 1725709.7 | R111: 1.046593
A112: 46117 | B112: 30229.45 | C112: 1828892.9 | D112: 1579.58 | E112: 0 | F112: 1860702 | G112: 0 | H112: 51865.43 | I112: 1173.96 | J112: 0 | K112: 53039.39 | L112: 1807662.6 | M112: 531463.47 | N112: 1276199.1 | O112: 0.02 | P112: 69.93 | Q112: 1725709.7 | R112: 1.0474894
A113: 46118 | B113: 30229.45 | C113: 1828892.9 | D113: 1579.58 | E113: 0 | F113: 1860702 | G113: 0 | H113: 51948.62 | I113: 1243.89 | J113: 0 | K113: 53192.51 | L113: 1807509.4 | M113: 531540.02 | N113: 1275969.4 | O113: 0.02 | P113: 69.92 | Q113: 1725709.7 | R113: 1.0474006
A114: 46119 | B114: 30229.45 | C114: 1828829.5 | D114: 1579.58 | E114: 0 | F114: 1860638.6 | G114: 0 | H114: 52031.81 | I114: 1313.81 | J114: 0 | K114: 53345.62 | L114: 1807293 | M114: 531580.46 | N114: 1275712.5 | O114: 0.02 | P114: 69.9 | Q114: 1725709.7 | R114: 1.0472752
A115: 46120 | B115: 30229.45 | C115: 1828687.3 | D115: 1579.58 | E115: 0 | F115: 1860496.3 | G115: 0 | H115: 52115 | I115: 1383.71 | J115: 0 | K115: 53498.71 | L115: 1806997.6 | M115: 531707.25 | N115: 1275290.4 | O115: 0.02 | P115: 69.88 | Q115: 1725709.7 | R115: 1.0471041
A116: 46121 | B116: 30229.45 | C116: 1828789.3 | D116: 1579.58 | E116: 0 | F116: 1860598.4 | G116: 0 | H116: 52198.19 | I116: 1453.59 | J116: 0 | K116: 53651.78 | L116: 1806946.6 | M116: 531844.39 | N116: 1275102.2 | O116: 0.02 | P116: 69.87 | Q116: 1725709.7 | R116: 1.0470745
A117: 46122 | B117: 30229.45 | C117: 1828773.2 | D117: 4431.88 | E117: 0 | F117: 1863434.5 | G117: 0 | H117: 52281.38 | I117: 1523.46 | J117: 0 | K117: 53804.84 | L117: 1809629.7 | M117: 530492.41 | N117: 1279137.3 | O117: 0.02 | P117: 70.09 | Q117: 1725709.7 | R117: 1.0486293
A118: 46123 | B118: 30229.45 | C118: 1828773.2 | D118: 4431.88 | E118: 0 | F118: 1863434.5 | G118: 0 | H118: 52364.58 | I118: 1593.55 | J118: 0 | K118: 53958.13 | L118: 1809476.4 | M118: 530568.94 | N118: 1278907.4 | O118: 0.02 | P118: 70.08 | Q118: 1725709.7 | R118: 1.0485404
A119: 46124 | B119: 30229.45 | C119: 1828771.4 | D119: 4431.88 | E119: 0 | F119: 1863432.7 | G119: 0 | H119: 52447.78 | I119: 1663.63 | J119: 0 | K119: 54111.41 | L119: 1809321.3 | M119: 530646.5 | N119: 1278674.8 | O119: 0.02 | P119: 70.06 | Q119: 1725709.7 | R119: 1.0484506
... A137: 46142 | B137: 3919.99 | C137: 1788398.8 | D137: 4431.88 | E137: 0 | F137: 1796750.6 | G137: 0 | H137: 4226.44 | I137: 2902.59 | J137: 0 | K137: 7129.03 | L137: 1789621.6 | M137: 542754.28 | N137: 1246867.3 | O137: 0.02 | P137: 68.32 | Q137: 1725709.7 | R137: 1.0370352
A138: Prosjek | B138: =AVERAGE(B108:B137) -> 14191.951 | C138: =AVERAGE(C108:C137) -> 1807851.1 | D138: =AVERAGE(D108:D137) -> 11511.457 | E138: =AVERAGE(E108:E137) -> 0 | F138: =AVERAGE(F108:F137) -> 1833554.5 | G138: =AVERAGE(G108:G137) -> 0 | H138: =AVERAGE(H108:H137) -> 26939.85 | I138: =AVERAGE(I108:I137) -> 1987.1337 | ... R138: =AVERAGE(R108:R137) -> 1.042844
A139: Ukupno | B139: =SUM(B108:B137) -> 425758.52 | C139: =SUM(C108:C137) -> 54235534 | D139: =SUM(D108:D137) -> 345343.7 | E139: =SUM(E108:E137) -> 0 | F139: =SUM(F108:F137) -> 55006636 | G139: =SUM(G108:G137) -> 0 | H139: =SUM(H108:H137) -> 808195.51 | I139: =SUM(I108:I137) -> 59614.01 | ... R139: =SUM(R108:R137) -> 31.285321
A140: 46143 | B140: 3919.99 | C140: 1788398.8 | D140: 4431.88 | E140: 0 | F140: 1796750.6 | G140: 0 | H140: 4307.62 | I140: 2964.47 | J140: 0 | K140: 7272.09 | L140: 1789478.6 | M140: 542825.82 | N140: 1246652.7 | O140: 0.02 | P140: 68.31 | Q140: 1725709.7 | R140: 1.0369523
A141: 46144 | B141: 3919.99 | C141: 1788398.8 | D141: 4431.88 | E141: 0 | F141: 1796750.6 | G141: 0 | H141: 4388.83 | I141: 3032.78 | J141: 0 | K141: 7421.61 | L141: 1789329 | M141: 542900.58 | N141: 1246428.5 | O141: 0.02 | P141: 68.3 | Q141: 1725709.7 | R141: 1.0368656
A142: 46145 | B142: 3919.99 | C142: 1789045.3 | D142: 4431.88 | E142: 0 | F142: 1797397.2 | G142: 0 | H142: 4470.04 | I142: 3101.08 | J142: 0 | K142: 7571.12 | L142: 1789826.1 | M142: 542652.07 | N142: 1247174 | O142: 0.02 | P142: 68.34 | Q142: 1725709.7 | R142: 1.0371536
A143: 46146 | B143: 3919.99 | C143: 1788664.6 | D143: 4431.88 | E143: 0 | F143: 1797016.4 | G143: 0 | H143: 4551.25 | I143: 3169.42 | J143: 0 | K143: 7720.67 | L143: 1789295.8 | M143: 542651.16 | N143: 1246644.6 | O143: 0.02 | P143: 68.31 | Q143: 1725709.7 | R143: 1.0368463
A144: 46147 | B144: 3919.99 | C144: 1781440.9 | D144: 4431.88 | E144: 0 | F144: 1789792.8 | G144: 0 | H144: 4632.46 | I144: 3237.73 | J144: 0 | K144: 7870.19 | L144: 1781922.6 | M144: 546290.79 | N144: 1235631.8 | O144: 0.02 | P144: 67.71 | Q144: 1725709.7 | R144: 1.0325738
A145: 46148 | B145: 3919.99 | C145: 1781435.7 | D145: 4431.88 | E145: 0 | F145: 1789787.6 | G145: 0 | H145: 4713.66 | I145: 3305.44 | J145: 0 | K145: 8019.1 | L145: 1781768.5 | M145: 546362.95 | N145: 1235405.5 | O145: 0.02 | P145: 67.69 | Q145: 1725709.7 | R145: 1.0324845
A146: 46149 | B146: 3919.99 | C146: 1781435.7 | D146: 4431.88 | E146: 0 | F146: 1789787.6 | G146: 0 | H146: 4794.86 | I146: 3373.13 | J146: 0 | K146: 8167.99 | L146: 1781619.6 | M146: 546437.4 | N146: 1235182.2 | O146: 0.02 | P146: 67.68 | Q146: 1725709.7 | R146: 1.0323982
A147: 46150 | B147: 1829.64 | C147: 1781413 | D147: 4431.88 | E147: 0 | F147: 1787674.5 | G147: 0 | H147: 4876.05 | I147: 1351.66 | J147: 0 | K147: 6227.71 | L147: 1781446.8 | M147: 546529.02 | N147: 1234917.8 | O147: 0.02 | P147: 67.67 | Q147: 1725709.7 | R147: 1.0322981
A148: 46151 | B148: 1829.64 | C148: 1781413 | D148: 4431.88 | E148: 0 | F148: 1787674.5 | G148: 0 | H148: 4957.24 | I148: 1419.33 | J148: 0 | K148: 6376.57 | L148: 1781297.9 | M148: 546603.46 | N148: 1234694.5 | O148: 0.02 | P148: 67.65 | Q148: 1725709.7 | R148: 1.0322118
A149: 46152 | B149: 1829.64 | C149: 1781434.9 | D149: 4431.88 | E149: 0 | F149: 1787696.4 | G149: 0 | H149: 5038.43 | I149: 1486.98 | J149: 0 | K149: 6525.41 | L149: 1781171 | M149: 546666.92 | N149: 1234504.1 | O149: 0.02 | P149: 67.64 | Q149: 1725709.7 | R149: 1.0321383
A150: 46153 | B150: 1829.64 | C150: 1781283.6 | D150: 4431.88 | E150: 0 | F150: 1787545.2 | G150: 0 | H150: 5119.62 | I150: 1554.62 | J150: 0 | K150: 6674.24 | L150: 1780870.9 | M150: 546665.69 | N150: 1234205.2 | O150: 0.02 | P150: 67.63 | Q150: 1725709.7 | R150: 1.0319644
A151: 46154 | B151: 1829.64 | C151: 1781283.6 | D151: 4431.88 | E151: 0 | F151: 1787545.2 | G151: 0 | H151: 5200.81 | I151: 1622.25 | J151: 0 | K151: 6823.06 | L151: 1780722.1 | M151: 546740.11 | N151: 1233982 | O151: 0.02 | P151: 67.62 | Q151: 1725709.7 | R151: 1.0318781
... A170: 46173 | B170: 422716.02 | C170: 1341842.4 | D170: 1579.58 | E170: 0 | F170: 1766138 | G170: 0 | H170: 6624.27 | I170: 2967.5 | J170: 0 | K170: 9591.77 | L170: 1756546.2 | M170: 389646.45 | N170: 1366899.8 | O170: 0.02 | P170: 74.9 | Q170: 1725709.7 | R170: 1.0178689
A171: Prosjek | B171: =AVERAGE(B140:B170) -> 83446.426 | C171: =AVERAGE(C140:C170) -> 1693879.6 | D171: =AVERAGE(D140:D170) -> 4155.851 | E171: =AVERAGE(E140:E170) -> 0 | F171: =AVERAGE(F140:F170) -> 1781481.9 | G171: =AVERAGE(G140:G170) -> 0 | H171: =AVERAGE(H140:H170) -> 5460.4 | I171: =AVERAGE(I140:I170) -> 2374.2145 | ... R171: =AVERAGE(R140:R170) -> 1.0277785
A172: Ukupno | B172: =SUM(B140:B170) -> 2586839.2 | C172: =SUM(C140:C170) -> 52510269 | D172: =SUM(D140:D170) -> 128831.38 | E172: =SUM(E140:E170) -> 0 | F172: =SUM(F140:F170) -> 55225939 | G172: =SUM(G140:G170) -> 0 | H172: =SUM(H140:H170) -> 169272.4 | I172: =SUM(I140:I170) -> 73600.65 | ... R172: =SUM(R140:R170) -> 31.861133
A173: 46174 | B173: 422716.02 | C173: 1341826.8 | D173: 1579.58 | E173: 0 | F173: 1766122.4 | G173: 0 | H173: 6705.39 | I173: 3048.98 | J173: 0 | K173: 9754.37 | L173: 1756368 | M173: 389684.28 | N173: 1366683.7 | O173: 0.02 | P173: 74.89 | Q173: 1725709.7 | R173: 1.0177656
A174: 46175 | B174: 422716.02 | C174: 1341755.8 | D174: 1579.58 | E174: 0 | F174: 1766051.4 | G174: 0 | H174: 6790.41 | I174: 3123.87 | J174: 0 | K174: 9914.28 | L174: 1756137.1 | M174: 389743.11 | N174: 1366394 | O174: 0.02 | P174: 74.87 | Q174: 1725709.7 | R174: 1.0176318
A175: 46176 | B175: 419116.02 | C175: 1342507.6 | D175: 1579.58 | E175: 0 | F175: 1763203.2 | G175: 0 | H175: 3273.49 | I175: 3198.74 | J175: 0 | K175: 6472.23 | L175: 1756731 | M175: 390623.29 | N175: 1366107.7 | O175: 0.02 | P175: 74.86 | Q175: 1725709.7 | R175: 1.017976
A176: 46177 | B176: 416826.03 | C176: 1342420 | D176: 1579.58 | E176: 0 | F176: 1760825.6 | G176: 0 | H176: 3273.6 | I176: 1068.98 | J176: 0 | K176: 4342.58 | L176: 1756483 | M176: 390697.67 | N176: 1365785.4 | O176: 0.02 | P176: 74.84 | Q176: 1725709.7 | R176: 1.0178323
A177: 46178 | B177: 416826.03 | C177: 1342708.6 | D177: 1579.58 | E177: 0 | F177: 1761114.2 | G177: 0 | H177: 3319.14 | I177: 1181.36 | J177: 0 | K177: 4500.5 | L177: 1756613.7 | M177: 390955.83 | N177: 1365657.9 | O177: 0.02 | P177: 74.83 | Q177: 1725709.7 | R177: 1.017908
A178: 46179 | B178: 416826.03 | C178: 1342708.6 | D178: 1579.58 | E178: 0 | F178: 1761114.2 | G178: 0 | H178: 3402.22 | I178: 1256.19 | J178: 0 | K178: 4658.41 | L178: 1756455.8 | M178: 391003.21 | N178: 1365452.6 | O178: 0.02 | P178: 74.82 | Q178: 1725709.7 | R178: 1.0178165
A179: 46180 | B179: 416826.03 | C179: 1342708.6 | D179: 1579.58 | E179: 0 | F179: 1761114.2 | G179: 0 | H179: 3485.3 | I179: 1331.01 | J179: 0 | K179: 4816.31 | L179: 1756297.9 | M179: 391050.58 | N179: 1365247.3 | O179: 0.02 | P179: 74.81 | Q179: 1725709.7 | R179: 1.017725
A180: 46181 | B180: 416826.03 | C180: 1342818.2 | D180: 1579.58 | E180: 0 | F180: 1761223.8 | G180: 0 | H180: 3568.38 | I180: 1405.82 | J180: 0 | K180: 4974.2 | L180: 1756249.6 | M180: 391174.63 | N180: 1365075 | O180: 0.02 | P180: 74.8 | Q180: 1725709.7 | R180: 1.017697
A181: 46182 | B181: 416826.03 | C181: 1342865.7 | D181: 1579.58 | E181: 0 | F181: 1761271.3 | G181: 0 | H181: 3651.46 | I181: 1480.62 | J181: 0 | K181: 5132.08 | L181: 1756139.2 | M181: 391259.9 | N181: 1364879.3 | O181: 0.02 | P181: 74.79 | Q181: 1725709.7 | R181: 1.0176331
A182: 46183 | B182: 416826.03 | C182: 1342846.6 | D182: 1579.58 | E182: 0 | F182: 1761252.2 | G182: 0 | H182: 3734.54 | I182: 1555.41 | J182: 0 | K182: 5289.95 | L182: 1755962.3 | M182: 391396.45 | N182: 1364565.8 | O182: 0.02 | P182: 74.77 | Q182: 1725709.7 | R182: 1.0175305
A183: 46184 | B183: 416826.03 | C183: 1342653 | D183: 1579.58 | E183: 0 | F183: 1761058.6 | G183: 0 | H183: 3817.62 | I183: 1630.18 | J183: 0 | K183: 5447.8 | L183: 1755610.8 | M183: 391475.82 | N183: 1364135 | O183: 0.02 | P183: 74.75 | Q183: 1725709.7 | R183: 1.0173268
A184: 46185 | B184: 416826.03 | C184: 1342526.4 | D184: 1579.58 | E184: 0 | F184: 1760932 | G184: 0 | H184: 3900.7 | I184: 1704.93 | J184: 0 | K184: 5605.63 | L184: 1755326.3 | M184: 391582.03 | N184: 1363744.3 | O184: 0.02 | P184: 74.73 | Q184: 1725709.7 | R184: 1.017162
... A202: 46203 | B202: 416811.03 | C202: 1300490.9 | D202: 1579.58 | E202: 0 | F202: 1718881.6 | G202: 0 | H202: 5395.01 | I202: 3019.84 | J202: 0 | K202: 8414.85 | L202: 1710466.7 | M202: 392908.22 | N202: 1317558.5 | O202: 0.02 | P202: 72.19 | Q202: 1725709.7 | R202: 0.99116712
A203: Prosjek | B203: =AVERAGE(B173:B202) -> 417294.53 | C203: =AVERAGE(C173:C202) -> 1327195.8 | D203: =AVERAGE(D173:D202) -> 1579.58 | E203: =AVERAGE(E173:E202) -> 0 | F203: =AVERAGE(F173:F202) -> 1746069.9 | G203: =AVERAGE(G173:G202) -> 0 | H203: =AVERAGE(H173:H202) -> 4444.522 | I203: =AVERAGE(I173:I202) -> 2176.046 | ... R203: =AVERAGE(R173:R202) -> 1.0079618
A204: Ukupno | B204: =SUM(B173:B202) -> 12518836 | C204: =SUM(C173:C202) -> 39815875 | D204: =SUM(D173:D202) -> 47387.4 | E204: =SUM(E173:E202) -> 0 | F204: =SUM(F173:F202) -> 52382098 | G204: =SUM(G173:G202) -> 0 | H204: =SUM(H173:H202) -> 133335.66 | I204: =SUM(I173:I202) -> 65281.38 | ... R204: =SUM(R173:R202) -> 30.238853
A206: Prosjek | B206: =AVERAGE(B12:B42,B45:B72,B75:B105,B108:B137,B140:B170,B173:B202) -> 110336.47 | C206: =AVERAGE(C12:C42,C45:C72,C75:C105,C108:C137,C140:C170,C173:C202) -> 1882244.4 | D206: =AVERAGE(D12:D42,D45:D72,D75:D105,D108:D137,D140:D170,D173:D202) -> 5192.9375 | E206: =AVERAGE(E12:E42,E45:E72,E75:E105,E108:E137,E140:E170,E173:E202) -> 0 | F206: =AVERAGE(F12:F42,F45:F72,F75:F105,F108:F137,F140:F170,F173:F202) -> 1997773.8 | G206: =AVERAGE(G12:G42,G45:G72,G75:G105,G108:G137,G140:G170,G173:G202) -> 4.2520442 | H206: =AVERAGE(H12:H42,H45:H72,H75:H105,H108:H137,H140:H170,H173:H202) -> 23210.638 | I206: =AVERAGE(I12:I42,I45:I72,I75:I105,I108:I137,I140:I170,I173:I202) -> 2772.1323 | ... N206: =AVERAGE(N12:N42,N45:N72,N75:N105,N108:N137,N140:N170,N173:N202) -> 1446837.8 | O206: 0.02 | P206: =AVERAGE(P12:P42,P45:P72,P75:P105,P108:P137,P140:P170,P173:P202) -> 79.27895 | Q206: =AVERAGE(Q12:Q42,Q45:Q72,Q75:Q105,Q108:Q137,Q140:Q170,Q173:Q202) -> 1834674.8 | R206: =AVERAGE(R12:R42,R45:R72,R75:R105,R108:R137,R140:R170,R173:R202) -> 1.0718192
...

Sheet  Prilog 3a
A1: Naziv fonda : OIF LILIUM GLOBAL | D1: Prilog 3a
A2: Registarski broj fonda : JP-D-032-05
A3: Naziv društva za upravljanje: LILIUM ASSET MANAGAMENT d.o.o. Sarajevo
A4: Matični broj društva za upravljanje: 65-01-0233-08
A5: JIB društva za upravljanje: 4201337670008
A6: JIB investicionog fonda:
A8: IZVJEŠTAJ O OBRAČUNU NETO VRIJEDNOSTI IMOVINE INVESTICIJSKOG FONDA PO DIONICI/UDJELU na dan 30.06.2025. godine
A9: Redni broj | B9: Opis | C9: Ukupna vrijednost na dan izvještaja | D9: Učešće u vrijednosti imovine fonda (%)
A10: 1 | B10: 2 | C10: 3 | D10: 4
A11: I | B11: IMOVINA INVESTICIJSKOG FONDA
A12: 1. | B12: Gotovina i gotovinski ekvivalenti | C12: 416811.03 | D12: =C12/C25 -> 0.24248968
A13: 2. | B13: Ulaganje fonda (2.1+2.2.+2.3.+2.4.+2.5.+2.6.+2.7.) | C13: 1300490.9 | D13: =SUM(D14:D20) -> 0.75659137
A14: 2.1. | B14: Ulaganje u instrumente kapitala (dionice osim dionica investicijskih fondova) | C14: 869129.31 | D14: =C14/$C$25 -> 0.50563654
A15: 2.2. | B15: Ulaganja u dužničke instrumente (obveznice) | C15: 0 | D15: =C15/$C$25 -> 0
A16: 2.3. | B16: Ulaganja u druge vrste dužničkih instrumenata | C16: 0 | D16: =C16/$C$25 -> 0
A17: 2.4. | B17: Ulaganja u dionice i udjele investicijskih fondova | C17: 431361.63 | D17: =C17/$C$25 -> 0.25095483
A18: 2.5. | B18: Ostala finansijska imovina | C18: 0 | D18: =C18/$C$25 -> 0
A19: 2.6. | B19: Depoziti i plasmani | C19: 0 | D19: =C19/$C$25 -> 0
A20: 2.7. | B20: Ulaganja u nekretnine | C20: 0 | D20: =C20/$C$25 -> 0
A21: 3. | B21: Potraživanja (3.1.+3.2.+3.3.) | C21: 1579.58 | D21: =SUM(D22:D24) -> 0.00091895803
A22: 3.1. | B22: Potraživanja iz poslovanja | C22: 1579.58 | D22: =C22/$C$25 -> 0.00091895803
A23: 3.2. | B23: Potraživanja od društva za upravljanje | C23: 0 | D23: =C23/$C$25 -> 0
A24: 3.3. | B24: Ostala potraživanja, odgođena porezna imovina i razgraničenja | C24: 0 | D24: =C24/$C$25 -> 0
A25: I=(1+2+3) | B25: UKUPNA IMOVINA INVESTICIJSKOG FONDA | C25: 1718881.5 | D25: =D12+D13+D21 -> 1
A26: II | B26: OBAVEZE INVESTICIJSKOG FONDA
A27: 4. | B27: Obaveze po osnovu ulaganja | C27: 0
A28: 5. | B28: Obaveze po osnovu troškova poslovanja | C28: 5395.01
A29: 6. | B29: Obaveze prema društvu za upravljanje | C29: 3019.84
A30: 7. | B30: Ostale obaveze | C30: 0
A31: II=(4+5+6+7) | B31: UKUPNE OBAVEZE INVESTICIJSKOG FONDA | C31: 8414.85
A32: III=(I-II) | B32: NETO IMOVINA INVESTICIJSKOG FONDA | C32: 1710466.7
A33: IV | B33: BROJ DIONIOCA/UDJELA | C33: 1725709.7
A34: V=(III/IV) | B34: NETO VRIJEDNOST IMOVINE PO DIONICI/UDJELU | C34: 0.99116712
A35: VI | B35: CIJENA DIONICE/UDJELA | C35: 0.99116712
A38: Datum izvještaja: 18.07.2025. godine
A39: Ime i prezime osobe koja je sačinila izvještaj: | C39: Ime i prezime odgovornog lica za upravljanje:
A40: Elvira Žilić | C40: NedimVilogorac, dipl. oec.

Sheet Prilog 3b
A1: Naziv fonda | B1: OIF LILIUM GLOBAL | F1: Prilog 3b
A2: Registarski broj fonda | B2: JP-D-032-05
A3: Naziv društva za upravljanje | B3: LILIUM ASSET MANAGEMENT D.O.O. SARAJEVO
A4: Matični broj društva za upravljanje | B4: 65-01-0233-08
A5: JIB društva za upravljanje | B5: 4201337670008
A6: JIB investicijskog fonda
A8: IZVJEŠTAJ O NVI PO DIONICI/UDJELU I CIJENI DIONICE/UDJELA INVESTICIJSKOG FONDA
A9: za period od 01.01.2026. do 30.06.2026.
A11: Udio / dionica fonda | B11: Tekuća godina | C11: Prethodna godina | D11: Ranije godine
D12: 2024 | E12: 2023 | F12: 2022
A13: Najniža vrijednost | B13: ='Prilog 3'!Q208 -> 1709306.8 | C13: 2712867.1 | D13: 4000253.3 | E13: 5478953.3 | F13: 6890343.4
A14: Najviša vrijednost | B14: ='Prilog 3'!Q209 -> 2346990.3 | C14: 3067277.6 | D14: 4957843.7 | E14: 6042097.5 | F14: 7902251
A15: Najniža cijena | B15: ='Prilog 3'!R208 -> 0.99049501 | C15: 1.1691422 | D15: 1.4381538 | E15: 1.8322682 | F15: 1.8425
A16: Najviša cijena | B16: ='Prilog 3'!R209 -> 1.132875 | C16: 1.2416162 | D16: 1.6579991 | E16: 1.9184352 | F16: 2.1131
A17: Prosječna cijena | B17: ='Prilog 3'!R206 -> 1.0718192 | C17: 1.1984195 | D17: 1.514548 | E17: 1.8855396 | F17: 2.02
A19: Obračun: | E19: Direktor:
A20: Elvira Žilić | E20: Nedim Vilogorac, dipl. oec.

Sheet Prilog 4
B1: Naziv fonda | C1: OIF LILIUM GLOBAL | D1: Prilog 4
B2: Registarski broj fonda | C2: JP-D-032-05
B3: Naziv društva za upravljanje | C3: LILIUM ASSET MANAGEMENT D.O.O. SARAJEVO
B4: Matični broj društva za upravljanje | C4: 65-01-0233-08
B5: JIB društva za upravljanje | C5: 4201337670008
B6: JIB investicijskog fonda
A7: IZVJEŠTAJ O STRUKTURI I VISINI TROŠKOVA INVESTICIJSKOG FONDA za period: 01.01. - 30.06.2025. godine
A9: Red. Br. | B9: Vrsta troška | C9: Iznos (KM) | D9: Udio %
A11: 1 | B11: 2 | C11: 3 | D11: 4
A12: 1 | B12: Naknada društvu za upravljanje (provizija) | C12: 15849.49 | D12: =(C12/C$25) -> 0.46259524
A13: 2 | B13: Naknada Registru vrijednosnih papira u Federaciji BiH | C13: 0 | D13: =(C13/C$25) -> 0
A14: 3 | B14: Naknada depozitaru | C14: 10800 | D14: =(C14/C$25) -> 0.31521699
A15: 4 | B15: Naknada za reviziju | C15: 3481.68 | D15: =(C15/C$25) -> 0.10161895
A16: 5 | B16: Naknada za računovodstvo | C16: 0 | D16: =(C16/C$25) -> 0
A17: 6 | B17: Naknada berzi | C17: 0 | D17: =(C17/C$25) -> 0
A18: 7 | B18: Troškovi kupovine i prodaje ulaganja | C18: 2978.01 | D18: =(C18/C$25) -> 0.086918459
A19: 8 | B19: Troškovi servisiranja dioničara | C19: 240 | D19: =(C19/C$25) -> 0.0070048221
A20: 9 | B20: Naknade i troškovi nadzornog odbora | C20: 0 | D20: =(C20/C$25) -> 0
A21: 10 | B21: Naknade i troškovi direktora fonda | C21: 0 | D21: =(C21/C$25) -> 0
A22: 11 | B22: Naknada Komisiji za vrijednosne papire Federacije BiH | C22: 782.23 | D22: =(C22/C$25) -> 0.022830758
A23: 12 | B23: Rashodi po osnovu poreza | C23: 0 | D23: =(C23/C$25) -> 0
A24: 13 | B24: Ostali troškovi | C24: 130.7 | D24: =(C24/C$25) -> 0.0038147094
A25: 14 | B25: Ukupno troškovi: | C25: 34262.112 | D25: =SUM(D12:D24) -> 0.99999994
A26: 15 | B26: Ukupni troškovi iz člana 65. ili 93. Zakona o investicijskim fondovima | C26: =SUM(C12:C24) -> 34262.11 | D26: =SUM(D13:D25) -> 1.5374046
A27: 16 | B27: Prosječna vrijednost neto imovine fonda za 01.01. - 30.06.2025. period | C27: ='Prilog 3'!L206 -> 1971786.7 | D27: 0
A28: 17 | B28: Udio troškova iz tačke 15. u prosječnoj neto vrijednosti imovine fonda (%) za 01.01 .- 30.06.2025. period | C28: =C26/C27 -> 0.017376174 | D28: 0
A30: Datum izvještaja: 18.07.2025. godine
A31: Ime i prezime osobe koja je sačinila izvještaj: | C31: Ime i prezime odgovornog lica društva za upravljanje:
A32: Elvira Žilić | C32: Nedim Vilogorac

Sheet Prilog 5 
A1: Naziv fonda : | C1: OIF LILIUM GLOBAL | Q1: Prilog 5
A2: Registarski broj fonda : | C2: JP-D-032-05
A3: Naziv društva za upravljanje: | C3: LILIUM ASSET MANAGEMENT D.O.O. SARAJEVO
A4: Matični broj društva za upravljanje: | C4: 65-01-0233-08
A5: JIB društva za upravljanje: | C5: 4201337670008
A6: JIB fonda:
A8: IZVJEŠTAJ O TRANSAKCIJAMA IMOVINOM INVESTICIJSKOG FONDA za period 01.01. - 30.06.2026. godine
A11: R.br. | B11: Naziv emitenta | C11: Simbol | D11: Stanje na početku perioda | H11: Transakcije tokom perioda | N11: Stanje na kraju perioda
H12: Kupovine | K12: Prodaje
D13: % učešća kod emitenta | E13: Jedinična fer vrij. | F13: Ukupna fer vrijednost ulaganja | G13: % učešća u NVI fonda | H13: količina | I13: prosječna cijena | J13: vrijednost | K13: količina | L13: prosječna cijena | M13: vrijednost | N13: % učešća kod emitenta | O13: Jedinična fer vrij. | P13: Ukupna fer vrijednost ulaganja | Q13: % učešća u NVI fonda
A15: 1 | B15: 2 | C15: 3 | D15: 4 | E15: 5 | F15: 6 | G15: 7 | H15: 8 | I15: 9 | J15: 10 | K15: 11 | L15: 12 | M15: 14 | N15: 15 | O15: 16 | P15: 17 | Q15: 18
A16: ULAGANJA U INSTRUMENTE KAPITALA
A17: 1. | B17: ASA Banka d.d. Sarajevo | C17: IKBZRK2 | D17: 4.0478681e-05 | E17: 202.4089 | F17: 25705.93 | G17: 0.010951826 | K17: 127 | L17: 208 | M17: 26416 | N17: 0 | O17: 0 | P17: 0 | Q17: 0
A18: 2. | B18: Bosnalijek d.d.. Sarajevo | C18: BSNLR | D18: 0.00036736924 | E18: 31.6288 | F18: 99883.75 | G18: 0.042554749 | K18: 1443 | L18: =M18/K18 -> 27.825017 | M18: 40151.5 | N18: ='Prilog 2'!F16 -> 0.00019950546 | O18: ='Prilog 2'!H16 -> 27.1518 | P18: ='Prilog 2'!I16 -> 46565.337 | Q18: ='Prilog 2'!J16 -> 0.027223761
A19: 3. | B19: ŠIPAD-KOMERC d.d. Sarajevo | C19: SPKMR | D19: 0.056794406 | E19: 1.2 | F19: 190560 | G19: 0.081186709 | K19: 158800 | L19: 1.2 | M19: 190560 | N19: 0 | O19: 0 | P19: 0 | Q19: 0
A20: 4. | B20: Rudnici boksita Jajce d.d. Jajce | C20: RBKJRK2 | D20: 0.043655841 | E20: 53 | F20: 431102 | G20: 0.18366789 | K20: 8134 | L20: 51.41 | M20: 418168.94 | N20: 0 | O20: 0 | P20: 0 | Q20: 0
F22: =SUM(F17:F20) -> 747251.68 | M22: =SUM(M17:M20) -> 675296.44 | P22: =SUM(P17:P20) -> 46565.337
A34: ULAGANJA U UDJELE INVESTICIJSKIH FONDOVA
A37: ULAGANJA U OSTALE FINANSIJSKE INSTRUMENTE I DERIVATE
A41: R.br. | B41: Stanje na početku perioda | G41: Transakcije tokom perioda | M41: Stanje na kraju perioda
G42: Kupovina | J42: Prodaja
B43: Vrsta nekretnine | C43: Površina m2 | D43: Cijena po m2 | E43: Fer vrijednost | F43: % učešća u NVI fonda | G43: Površina m2 | H43: Cijena po m2 | I43: Fer vrijednost | J43: Površina m2 | K43: Cijena po m2 | L43: Fer vrijednost | M43: Površina m2 | N43: Cijena po m2 | O43: Fer vrijednost | P43: % učešća u NVI fonda
A45: 1 | B45: 2 | C45: 3 | D45: 4 | E45: 5 | F45: 6 | G45: 7 | H45: 8 | I45: 9 | J45: 10 | K45: 11 | L45: 12 | M45: 13 | N45: 14 | O45: 15 | P45: 16
A46: ULAGANJA U NEKRETNINE
A52: R.br. | B52: Stanje na početku perioda | E52: Transakcije tokom perioda | K52: Stanje na kraju perioda
E53: Ulaganja | H53: Dospjeće
B54: Naziv banke | C54: Vrijednost depozita | D54: % učešća u NVI fonda | E54: Naziv banke | F54: Iznos | G54: % učešća u NVI fonda | H54: Naziv banke | I54: Iznos | J54: % učešća u NVI fonda | K54: Naziv banke | L54: Vrijednost depozita | M54: % učešća u NVI fonda
A56: 1 | B56: 2 | C56: 3 | D56: 4 | E56: 5 | F56: 6 | G56: 7 | H56: 8 | I56: 9 | J56: 10 | K56: 11 | L56: 12 | M56: 13
A57: ULAGANJA U DEPOZITE
A61: Datum izvještaja: 18.07.2025. godine | F61: Ime i prezime odgovornog lica društva za upravljanje:
A62: Ime i prezime osobe koja je sačinila izvještaj: Elvira Žilić | F62: Nedim Vilogorac

Sheet Prilog 5a 
I1: Prilog 5a
A2: IZVJEŠTAJ O REALIZIRANIM DOBICIMA (GUBICIMA) OD PRODAJE IMOVINE INVESTICIJSKOG FONDA za period 01.01.-30.06.2025. godine
A3: Datum prodaje | B3: Vrsta ulaganja | C3: Simbol ili oznaka | D3: Naziv emitenta | E3: Oznaka kategorijefinancijske imovine i obveza prema MSFI 9* | F3: Količina ili nominalna vrijednost | G3: Knjigovodstvena ili fer vrijednost | H3: Prodajna vrijednost | I3: Realizirani dobitak/gubitak
A5: 26.01.2026. | B5: Prenosivi vlasnički vrijednosni papiri | C5: IKBZRK2 | D5: ASA Banka d.d. Sarajevo | F5: 127 | G5: 25795.02 | H5: 26416 | I5: =H5-G5 -> 620.98
A6: 26.01.2026. | B6: Prenosivi vlasnički vrijednosni papiri | C6: BSNLR | D6: Bosnalijek d.d.. Sarajevo | F6: 190 | G6: 5698.65 | H6: 5415 | I6: =H6-G6 -> -283.65
A7: 11.03.2026. | B7: Prenosivi vlasnički vrijednosni papiri | C7: BSNLR | D7: Bosnalijek d.d.. Sarajevo | F7: 375 | G7: 10538.48 | H7: 10987.5 | I7: =H7-G7 -> 449.02
A8: 31.03.2026. | B8: Prenosivi vlasnički vrijednosni papiri | C8: SPKMR | D8: ŠIPAD-KOMERC d.d. Sarajevo | F8: 158800 | G8: 190560 | H8: 190560 | I8: =H8-G8 -> 0
A9: 13.04.2026. | B9: Prenosivi vlasnički vrijednosni papiri | C9: BSNLR | D9: Bosnalijek d.d.. Sarajevo | F9: 78 | G9: 2186.13 | H9: 2145 | I9: =H9-G9 -> -41.13
A10: 15.04.2026. | B10: Prenosivi vlasnički vrijednosni papiri | C10: BSNLR | D10: Bosnalijek d.d.. Sarajevo | F10: 800 | G10: 22393.92 | H10: 21604 | I10: =H10-G10 -> -789.92
A11: 26.5.2026. | B11: Prenosivi vlasnički vrijednosni papiri | C11: RBKJRK2 | D11: Rudnici boksita Jajce d.d. Jajce | F11: 8134 | G11: 418168.94 | H11: 418168.94 | I11: =H11-G11 -> 0
A14: Datum izvještaja: 18.07.2025. godine | G14: Ime i prezime odgovornog lica društva za upravljanje:
A15: Ime i prezime osobe koja je sačinila izvještaj: Elvira Žilić | G15: Nedim Vilogorac
E17: =G6+G7+G9+G10 -> 40817.18
A18: pri čemu Vrsta ulaganja može biti:
A19: 1 Prenosivi vlasnički vrijednosni papiri
A20: 2 Prenosivi dužnički vrijednosni papiri
A21: 3 Instrumenti tržišta novca
A22: 4 Udjeli/dionice investicijskih fondova
A23: 5 Depoziti
A24: 6 Nekretnine
A25: 7 Finansijski derivati
A26: 8 Ostala ulaganja
A27: 9 Poslovni udjeli
A28: *Oznaka kategorije financijske imovine prema MSFI 9
A29: 1 Finansijska imovina i financijske obaveze po fer vrijednosti kroz bilans uspjeha
... A31: 3 Finansijska imovina i obaveze po amortizovanom trošku

Sheet Prilog 5b
G1: Prilog 5b
A3: IZVJEŠTAJ O NEREALIZIRANIM DOBICIMA (GUBICIMA) I UMANJENJU VRIJEDNOSTI IMOVINE INVESTICIJSKOG FONDA za period 01.01. - 30.06.2025. godine
A4: Vrsta ulaganja | B4: Simbol ili oznaka | C4: Naziv emitenta ili druge ugovorne strane | D4: Oznaka kategorije imovine i obaveza prema MSFI 9* | E4: Trošak nabave ili početna vrijednost izvještajnog perioda | F4: Knjigovodstvena ili fer vrijednost | G4: Nerealizirani dobitak ili gubitak priznat kroz bilans uspjeha – usklađivanje fer vrijednosti
A6: Prenosivi vlasnički vrijednosni papiri | B6: BAGSR | C6: BAGS-ENERGOTEHNIKA d.d. Vogošća | E6: 106500 | F6: ='Prilog 2'!I14 -> 56800 | G6: =F6-E6 -> -49700
A7: Prenosivi vlasnički vrijednosni papiri | B7: BOATRK2 | C7: BOSNA AUTO D.D. SARAJEVO | E7: 2564.8 | F7: ='Prilog 2'!I15 -> 2564.8 | G7: =F7-E7 -> 0
A8: Prenosivi vlasnički vrijednosni papiri | B8: BSNLR | C8: BOSNALIJEK D.D. SARAJEVO | E8: 54243.39 | F8: ='Prilog 2'!I16 -> 46565.337 | G8: =F8-E8 -> -7678.053
A9: Prenosivi vlasnički vrijednosni papiri | B9: CMEG-R-A | C9: ČAJEVAC MEGA A.D. | E9: 212400 | F9: ='Prilog 2'!I17 -> 201780 | G9: =F9-E9 -> -10620
A10: Prenosivi vlasnički vrijednosni papiri | B10: EGNSR | C10: ENERGONOVA D.D. SARAJEVO | E10: 114912 | F10: ='Prilog 2'!I18 -> 86496 | G10: =F10-E10 -> -28416
A11: Prenosivi vlasnički vrijednosni papiri | B11: JABLRK4 | C11: JKP JABLANICA DD | E11: 0 | F11: ='Prilog 2'!I19 -> 0 | G11: =F11-E11 -> 0
A12: Prenosivi vlasnički vrijednosni papiri | B12: MRKSR | C12: MERKUR D.D. SARAJEVO | E12: 0 | F12: ='Prilog 2'!I20 -> 0 | G12: =F12-E12 -> 0
A13: Prenosivi vlasnički vrijednosni papiri | B13: MTHNRK2 | C13: METALOTEHNA D.D. TUZLA | E13: 46440 | F13: ='Prilog 2'!I21 -> 15480 | G13: =F13-E13 -> -30960
A14: Prenosivi vlasnički vrijednosni papiri | B14: RBKJR2 | C14: RUDNICI BOKSITA JAJCE DD JAJCE | E14: 431102 | F14: 418168.94 | G14: =F14-E14 -> -12933.06
A15: Prenosivi vlasnički vrijednosni papiri | B15: SRCSR | C15: ŠIPAD -ERC DD SARAJEVO | E15: 67200 | F15: ='Prilog 2'!I22 -> 50400 | G15: =F15-E15 -> -16800
A16: Prenosivi vlasnički vrijednosni papiri | B16: STFJR | C16: ŠTAMPARIJA FOJNICA DD FOJNICA | E16: 40957.02 | F16: ='Prilog 2'!I23 -> 36208.38 | G16: =F16-E16 -> -4748.64
A17: Prenosivi vlasnički vrijednosni papiri | B17: TRZHR | C17: TRZ HADŽIĆI D.D. | E17: 89681.31 | F17: ='Prilog 2'!I24 -> 71920.59 | G17: =F17-E17 -> -17760.72
A18: Prenosivi vlasnički vrijednosni papiri | B18: TTRSR | C18: TELEDIGITAL D.D. SARAJEVO | E18: 0 | F18: ='Prilog 2'!I25 -> 0 | G18: =F18-E18 -> 0
A19: Prenosivi vlasnički vrijednosni papiri | B19: UNPLR | C19: UNIONINVESTPLASTIKA D.D. | E19: 287367.6 | F19: ='Prilog 2'!I26 -> 272914.2 | G19: =F19-E19 -> -14453.4
A20: Prenosivi vlasnički vrijednosni papiri | B20: VKNKRK1 | C20: JKP VODOVOD I KANALIZACIJA DD KONJIC | E20: 35200 | F20: ='Prilog 2'!I27 -> 28000 | G20: =F20-E20 -> -7200
A21: Prenosivi vlasnički vrijednosni papiri | B21: ZGPSR | C21: GP ŽGP Sarajevo | E21: 0 | F21: ='Prilog 2'!I28 -> 0 | G21: =F21-E21 -> 0
A22: Udjeli/dionice investicijskih fondova | B22: BIGFRK3 | C22: ZIF BIG -Investiciona grupa d.d. Sarajevo | E22: 38681.72 | F22: ='Prilog 2'!I31 -> 37154.81 | G22: =F22-E22 -> -1526.91
A23: Udjeli/dionice investicijskih fondova | B23: CRBFRK | C23: ZIF CROBIH FOND DD MOSTAR | E23: 21687.5 | F23: ='Prilog 2'!I32 -> 5625 | G23: =F23-E23 -> -16062.5
A24: Udjeli/dionice investicijskih fondova | B24: MIGFRK2 | C24: ZIF MI-GROUP DD | E24: 38675 | F24: ='Prilog 2'!I33 -> 33215 | G24: =F24-E24 -> -5460
A25: Udjeli/dionice investicijskih fondova | B25: NPRFRK2 | C25: ZIF NAPRIJED | E25: 7869.96 | F25: ='Prilog 2'!I34 -> 7869.96 | G25: =F25-E25 -> 0
A26: Udjeli/dionice investicijskih fondova | B26: HBHEQ-OIF | C26: SME BH EQUITY | E26: 348175.04 | F26: ='Prilog 2'!I69 -> 347496.86 | G26: =F26-E26 -> -678.17794
A28: Neto kursne razlike | B28: Amortizacija diskonta ili premije imovine s fiksnim dospijećem | C28: Umanjenje vrijednosti za očekivane kreditne gubitke | D28: Nerealizirani dobitak ili gubitak priznat kroz ostali ukupni rezultat (u izvještajnom periodu) | E28: Revalorizacijske rezerve računovodstva zaštite
A33: Datum izvještaja: 18.07.2025. godine | D33: Ime i prezime odgovornog lica društva za upravljanje:
A34: Ime i prezime osobe koja je sačinila izvještaj: Elvira Žilić | D34: Nedim Vilogorac
A37: pri čemu Vrsta ulaganja može biti:
A38: 1 Prenosivi vlasnički vrijednosni papiri
A39: 2 Prenosivi dužnički vrijednosni papiri
A40: 3 Instrumenti tržišta novca
A41: 4 Udjeli/dionice investicijskih fondova
A42: 5 Depoziti
A43: 6 Nekretnine
A44: 7 Finansijski derivati
A45: 8 Ostala ulaganja
A46: 9 Poslovni udjeli
A47: *Oznaka kategorije financijske imovine prema MSFI 9
A48: 1 Finansijska imovina i financijske obaveze po fer vrijednosti kroz bilans uspjeha
... A50: 3 Finansijska imovina i obaveze po amortizovanom trošku

Sheet Prilog 5c
A1: Naziv fonda : OIF ILIRIKA GLOBAL | E1: Prilog 5c
A2: Registarski broj fonda : JP-D-032-05
A3: Naziv društva za upravljanje: LILIUM ASSET MANAGEMENT D.O.O. SARAJEVO
A4: Matični broj društva za upravljanje: 65-01-0233-08
A5: JIB društva za upravljanje: 4201337670008
A6: JIB investicionog fonda:
A8: IZVJEŠTAJ O VRIJEDNOSTI TRANSAKCIJA FONDA OBAVLJENIM PUTEM POJEDINAČNOG PROFESIONALNOG POSREDNIKA I IZNOSU OBRAČUNATE NAKNADE za period 01.01. - 30.06.2026. godine
A13: Naziv berzanskog posrednika | B13: Vrijednost transakcija | C13: Učešće u ukupnoj vrijednosti transakcija | D13: Iznos provizije | E13: Učešće provizije u vrijednosti transkcija
A14: 1 | B14: 2 | C14: 3 | D14: 4 | E14: 5=4/3
A15: ASA Banka d.d. Sarajevo | B15: 257127.5 | C15: =(B15/B21) -> 1 | D15: 2110.82 | E15: =+D15/B15 -> 0.0082092347
A21: Ukupno | B21: =SUM(B15:B20) -> 257127.5 | C21: =SUM(C15:C16) -> 1 | D21: =SUM(D15:D20) -> 2110.82 | E21: =E15 -> 0.0082092347
A24: Obračun: | D24: Direktor:
A25: Elvira Žilić | D25: Nedim Vilogorac, dipl. oec.

Sheet Prilog 6
A1: Naziv fonda | C1: OIF LILIUM GLOBAL
A2: Registarski broj fonda | C2: JP-D-032-05
A3: Naziv društva za upravljanje | C3: LILIUM ASSET MANAGEMENT D.O.O. SARAJEVO
A4: Matični broj društva za upravljanje | C4: 65-01-0233-08
A5: JIB društva za upravljanje | C5: 4201337670008
A6: JIB investicijskog fonda
C8: Prilog 6
A9: IZVJEŠTAJ O FINANSIJSKIM POKAZATELJIMA INVESTICIJSKOG FONDA
A10: za period od 01.01.2026. do 30.06.2026. godine
A12: RBr | B12: Pozicija imovine | D12: Tekuća godina | F12: Prethodna godina
A13: I | B13: Vrijednost neto imovine fonda po udjelu / dionici na početku perioda
A14: 1. | B14: Neto imovina fonda na početku perioda | D14: ='Prilog 3'!L12 -> 2346990.3 | F14: 3064289.9
A15: 2. | B15: Broj udjela dionica na početku perioda | D15: ='Prilog 3'!Q12 -> 2071711.6 | F15: 2470391.1
A16: 3. | B16: Vrijednost udjela / dionice na početku perioda | D16: ='Prilog 3'!R12 -> 1.132875 | F16: 1.2404
A17: II | B17: Vrijednost neto imovine fonda po udjelu / dionici na kraju perioda
A18: 1. | B18: Neto imovina fonda na kraju perioda | D18: ='Prilog 3'!L202 -> 1710466.7 | F18: 2713527.1
A19: 2. | B19: Broj udjela dionica na kraju perioda | D19: ='Prilog 3'!Q202 -> 1725709.7 | F19: 2320391.1
A20: 3. | B20: Vrijednost udjela / dionice na kraju perioda | D20: ='Prilog 3'!R202 -> 0.99116712 | F20: 1.1694
A21: III | B21: Finansijski pokazatelji
A22: 1. | B22: Odnos rashoda i prosječne neto imovine | D22: ='Prilog 3'!K204/'Prilog 3'!L204 -> 0.0038061286 | F22: 0.004242
A23: 2. | B23: Odnos realizovane dobiti od ulaganja i prosječne neto imovine | D23: 0 | F23: 0
A24: 3. | B24: Isplaćeni iznos investitorima u toku godine | D24: 0 | F24: 0
A25: 4. | B25: Stopa prinosa na neto imovinu fonda | D25: =-(D18/D14)% -> -0.0072879156 | F25: -0.0088553211
A27: Obračun: | E27: Direktor:
A28: Elvira Žilić | E28: Nedim Vilogorac, dipl. oec.

Sheet Prilog 7
A1: Naziv fonda : OIF LILIUM GLOBAL | E1: Prilog 7
A2: Registarski broj fonda : 'JP-D-032-05
A3: Naziv društva za upravljanje: LILIUM ASSET MANAGEMENT D.O.O. SARAJEVO
A4: Matični broj društva za upravljanje: '65-01-0233-08
A5: JIB društva za upravljanje: 4201337670008
A6: JIB investicionog fonda:
A9: IZVJEŠTAJ O PRIHODIMA FONDA PO OSNOVU DIVIDENDE ZA 01.01. - 30.06.2026. godine
A12: Naziv emitenta | B12: Simbol | C12: Broj dionica ili % učešća | D12: Dividenda po dionici | E12: Ukupni prihodi
A14: BOSNALIJEK D.D. SARAJEVO | B14: BSNLR | C14: 2593 | D14: 1.1 | E14: 2852.3
A19: Ukupno: | D19: =SUM(D14:D17) -> 1.1 | E19: =SUM(E14:E18) -> 2852.3
A21: Obračun: | D21: Direktor:
A22: Elvira Žilić | D22: Nedim Vilogorac, dipl. oec.

Sheet Prilog 8
A2: IZVJEŠTAJ O UDJELIČARIMA/DIONIČARIMA INVESTICIJSKOG FONDA na dan 30.06.2026. godine | H2: Prilog 8
A4: Redni broj | B4: Kategorija udjeličara/dioničara | C4: Broj udjela/dionica- domaći vlasnici | D4: Broj udjeličara/dioničara- domaći vlasnici | E4: Broj udjela/dionica- inostrani vlasnici | F4: Broj udjeličara/dioničara - inostrani vlasnici | G4: Ukupan broj udjela/dionica | H4: Ukupan broj udjeličara/dioničara
A5: 1 | B5: Kreditne institucije | C5: 0 | D5: 0 | E5: 0 | F5: 0 | G5: 0 | H5: 0
A6: 2 | B6: Osiguravajuća društva | C6: 20797.564 | D6: 1 | E6: 0 | F6: 0 | G6: 20797.564 | H6: 1
A7: 3 | B7: Investicijski fondovi | C7: 1454563.2 | D7: 5 | E7: 41084.904 | F7: 1 | G7: 1495648.1 | H7: 6
A8: 4 | B8: Penzijski fondovi | C8: 0 | D8: 0 | E8: 0 | F8: 0 | G8: 0 | H8: 0
A9: 5 | B9: Investicijska društva | C9: 0 | D9: 0 | E9: 0 | F9: 0 | G9: 0 | H9: 0
A10: 6 | B10: Ostale pravne osobe | C10: 164157.21 | D10: 18 | E10: 4742.888 | F10: 1 | G10: 168900.1 | H10: 19
A11: 7 | B11: Fizičke osobe | C11: 40363.901 | D11: 173 | E11: 0 | F11: 0 | G11: 40363.901 | H11: 173
G12: =SUM(G5:G11) -> 1725709.7
A14: IZVJEŠTAJ O PRVIH 10 UDJELIČARA/ DIONIČARA INVESTICIJSKOG FONDA na dan 30.06.2026. godine
A16: Redni broj | B16: Kategorija udjeličara/dioničara | D16: Učešće u % NAV-u INVESTICIJSKOG FONDA
A17: 1 | B17: ZIF HERBOS FOND d.d. Mostar | D17: 0.243361
A18: 2 | B18: ZIF BIG - Investiciona grupa d.d Sarajevo | D18: 0.220328
A19: 3 | B19: ZIF BONUS D.D. SARAJEVO | D19: 0.219475
A20: 4 | B20: ZIF PROF-PLUS d.d. Sarajevo | D20: 0.115295
A21: 5 | B21: ZIF CRO BIH FOND d.d. Mostar | D21: 0.085136
A22: 6 | B22: VIB a.d. Banja Luka - Društvo za savjetovanje u poslovanju | D22: 0.04442
A23: 7 | B23: OIF MONETA a.d. Podgorica | D23: 0.023808
A24: 8 | B24: TRIGLAV OSIGURANJE d.d. | D24: 0.012052
A25: 9 | B25: SULIĆ ZUHDIJA | D25: 0.004498
A26: 10 | B26: NAPOLEON-ROTT d.o.o. Sarajevo | D26: 0.00281
A28: Datum izvještaja: 18.07.2025. godine
A29: Ime i prezime osobe koja je sačinila izvještaj: | E29: Ime i prezime odgovornog lica za upravljanje:
A30: Elvira Žilić | E30: NedimVilogorac, dipl. oec.
